[ AOE2 MATCH · #484043225 ]
UnrankedSpanish vs Tatars
[ REPLAY ANALYSIS · EXTRACTED FROM THE RECORDED GAME ]
Feudal
10:39
Castle
14:26
Imperial
33:46
| APM avg | 37.6 |
| APM peak | 73 |
| eAPM avg | 22.0 |
| Villagers / military | 126 / 618 |
Focus
⚔️ 38.4% · 🌾 61.6%
Spearman ×324 · Skirmisher ×178 · Scout Cavalry ×95 · Conquistador ×7 · Bombard Cannon ×5 · Knight ×4
Feudal
10:05
Castle
13:35
Imperial
28:35
| APM avg | 77.6 |
| APM peak | 231 |
| eAPM avg | 55.8 |
| Villagers / military | 246 / 982 |
Focus
⚔️ 71.6% · 🌾 28.4%
Scout Cavalry ×705 · Cavalry Archer ×158 · Steppe Lancer ×59 · Battering Ram ×39 · Mangonel ×8 · Hand Cannoneer ×7
Feudal
11:14
Castle
15:22
Imperial
31:35
| APM avg | 40.4 |
| APM peak | 71 |
| eAPM avg | 28.2 |
| Villagers / military | 212 / 987 |
Focus
⚔️ 51.8% · 🌾 48.2%
Militia ×528 · Spearman ×206 · Skirmisher ×202 · Battering Ram ×20 · Monk ×16 · Eagle Scout ×8
Feudal
10:25
Castle
14:52
Imperial
52:48
| APM avg | 31.7 |
| APM peak | 90 |
| eAPM avg | 21.3 |
| Villagers / military | 229 / 263 |
Focus
⚔️ 37.5% · 🌾 62.5%
Skirmisher ×153 · Battle Elephant ×96 · Trebuchet (Packed) ×9 · Rattan Archer ×4 · Monk ×1
Feudal
10:33
Castle
15:00
Imperial
31:03
| APM avg | 32.8 |
| APM peak | 73 |
| eAPM avg | 22.0 |
| Villagers / military | 173 / 727 |
Focus
⚔️ 53.2% · 🌾 46.8%
Scorpion ×447 · Scout Cavalry ×239 · Trade Cart ×42 · Battering Ram ×19 · Mangonel ×15 · Spearman ×3
Feudal
10:20
Castle
14:15
Imperial
31:53
| APM avg | 26.2 |
| APM peak | 82 |
| eAPM avg | 16.1 |
| Villagers / military | 166 / 507 |
Focus
⚔️ 39.5% · 🌾 60.5%
Militia ×216 · Scout Cavalry ×172 · Elephant Archer ×82 · Scorpion ×12 · Armored Elephant ×12 · Mangonel ×9
Match map
Initial resources + every placement click. Lines = walls · curves = elevation contours. ◆ gold · ⬟ stone · ● berries · ✦ relic · ◌ wall gap
Your base· ✓ Closed at 14:26 · 0t walls · 3 gate(s)
折鸿梦影's base· ✓ Closed at 13:35 · 1t walls · 3 gate(s)
Vladimir "Vlad" Lem's base· ✓ Closed at 15:22 · 0t walls · 2 gate(s)
aWin's base· ✓ Closed at 14:52 · 0t walls · 2 gate(s)
Zeroo's base· ✓ Closed at 15:00 · 0t walls · 2 gate(s)
马大帅's base· ✓ Closed at 14:15 · 0t walls · 3 gate(s)
Smoothed initial terrain · ◌ = detected wall gap · hover for details
Inputs per minute
— Dranam - - 折鸿梦影
Build order — Dranam
First 150 of 595 actions detected
| 0:03 | Build | House |
| 0:05 | Build | House |
| 0:06 | Build | House |
| 0:06 | Create | Villager (Male) |
| 0:06 | Create | Villager (Male) |
| 0:07 | Create | Villager (Male) |
| 0:07 | Create | Villager (Male) |
| 1:46 | Create | Villager (Male) |
| 1:47 | Create | Villager (Male) |
| 1:50 | Build | Lumber Camp |
| 2:00 | Create | Villager (Male) |
| 2:39 | Create | Villager (Male) |
| 2:39 | Create | Villager (Male) |
| 2:40 | Create | Villager (Male) |
| 3:23 | Create | Villager (Male) |
| 3:24 | Create | Villager (Male) |
| 3:24 | Create | Villager (Male) |
| 4:07 | Create | Villager (Male) |
| 4:30 | Create | Villager (Male) |
| 4:31 | Create | Villager (Male) |
| 4:31 | Create | Villager (Male) |
| 5:10 | Create | Villager (Male) |
| 5:10 | Create | Villager (Male) |
| 5:31 | Create | Villager (Male) |
| 5:45 | Create | Villager (Male) |
| 5:54 | Build | House |
| 5:58 | Create | Villager (Male) |
| 6:06 | Build | Mill |
| 6:12 | Create | Villager (Male) |
| 6:52 | Build | Farm |
| 6:52 | Build | Farm |
| 6:53 | Build | Farm |
| 7:23 | Build | Mining Camp |
| 7:27 | Create | Villager (Male) |
| 8:24 | Research | Feudal Age |
| 8:44 | Create | Villager (Male) |
| 8:44 | Research | Loom |
| 10:39 | Age | Feudal Age |
| 10:44 | Build | Market |
| 10:48 | Build | Blacksmith |
| 11:46 | Research | Castle Age |
| 12:35 | Build | House |
| 14:26 | Create | Villager (Male) |
| 14:26 | Age | Castle Age |
| 14:42 | Build | Castle |
| 14:48 | Build | Mining Camp |
| 14:55 | Create | Villager (Male) |
| 15:09 | Build | Mining Camp |
| 15:14 | Create | Villager (Male) |
| 15:44 | Create | Villager (Male) |
| 15:47 | Create | Conquistador |
| 15:56 | Create | Villager (Male) |
| 16:01 | Research | Padded Archer Armor |
| 16:09 | Create | Conquistador |
| 16:17 | Create | Conquistador |
| 16:54 | Create | Conquistador |
| 17:04 | Create | Conquistador |
| 17:29 | Create | Conquistador |
| 18:10 | Create | Villager (Male) |
| 18:28 | Build | Farm |
| 18:29 | Build | Farm |
| 18:29 | Build | Farm |
| 18:30 | Build | Farm |
| 18:32 | Create | Villager (Male) |
| 18:47 | Create | Villager (Male) |
| 19:08 | Create | Villager (Male) |
| 19:11 | Build | Farm |
| 19:14 | Build | Farm |
| 19:14 | Build | Farm |
| 19:15 | Build | Farm |
| 19:36 | Create | Villager (Male) |
| 19:55 | Create | Villager (Male) |
| 20:20 | Create | Villager (Male) |
| 20:43 | Build | Farm |
| 20:59 | Create | Villager (Male) |
| 21:11 | Build | Farm |
| 21:12 | Research | Horse Collar |
| 21:14 | Research | Double-Bit Axe |
| 21:16 | Build | Lumber Camp |
| 21:29 | Create | Villager (Male) |
| 21:34 | Build | Farm |
| 22:05 | Create | Villager (Male) |
| 22:09 | Build | House |
| 22:11 | Build | University |
| 22:30 | Create | Villager (Male) |
| 22:34 | Build | Farm |
| 22:36 | Create | Villager (Male) |
| 23:16 | Create | Villager (Male) |
| 23:21 | Build | House |
| 23:24 | Build | Siege Workshop |
| 23:37 | Create | Villager (Male) |
| 23:40 | Research | Fortified Wall (upgrade) |
| 24:16 | Create | Villager (Male) |
| 24:33 | Build | House |
| 24:33 | Create | Mangonel |
| 24:36 | Create | Villager (Male) |
| 24:51 | Research | Bow Saw |
| 25:08 | Build | House |
| 25:22 | Build | Castle |
| 25:29 | Create | Villager (Male) |
| 25:33 | Build | House |
| 25:36 | Research | Heavy Plow |
| 26:12 | Build | House |
| 26:14 | Create | Villager (Male) |
| 26:37 | Create | Villager (Male) |
| 26:42 | Build | House |
| 26:57 | Create | Villager (Male) |
| 27:09 | Build | House |
| 27:12 | Build | Farm |
| 27:15 | Create | Villager (Male) |
| 27:42 | Build | House |
| 27:52 | Create | Villager (Male) |
| 28:02 | Create | Villager (Male) |
| 28:06 | Build | Farm |
| 28:08 | Build | House |
| 28:35 | Build | House |
| 28:56 | Create | Villager (Male) |
| 28:56 | Create | Villager (Male) |
| 28:56 | Create | Villager (Male) |
| 29:19 | Build | House |
| 29:34 | Create | Villager (Male) |
| 29:40 | Build | House |
| 29:48 | Research | Imperial Age |
| 30:00 | Build | Town Center |
| 30:03 | Build | House |
| 30:25 | Create | Villager (Male) |
| 30:40 | Build | House |
| 30:41 | Build | House |
| 30:54 | Build | Town Center |
| 31:28 | Build | Barracks |
| 31:34 | Build | Blacksmith |
| 31:37 | Build | Blacksmith |
| 31:40 | Research | Ballistics |
| 31:57 | Research | Leather Archer Armor |
| 32:03 | Research | Fletching |
| 32:06 | Research | Forging |
| 32:28 | Create | Villager (Male) |
| 32:29 | Create | Villager (Male) |
| 32:29 | Create | Villager (Male) |
| 32:30 | Create | Villager (Male) |
| 32:36 | Create | Villager (Male) |
| 32:39 | Research | Bodkin Arrow |
| 32:44 | Build | Farm |
| 32:44 | Build | Farm |
| 32:44 | Build | Farm |
| 32:45 | Build | Farm |
| 32:45 | Build | Farm |
| 32:45 | Build | Farm |
| 32:52 | Build | Archery Range |
| 32:58 | Create | Villager (Male) |
Build order — 折鸿梦影
First 150 of 1010 actions detected
| 0:00 | Create | Villager (Male) |
| 0:00 | Create | Villager (Male) |
| 0:00 | Create | Villager (Male) |
| 0:02 | Build | House |
| 0:03 | Build | House |
| 0:12 | Create | Villager (Male) |
| 0:12 | Create | Villager (Male) |
| 0:12 | Create | Villager (Male) |
| 1:32 | Create | Villager (Male) |
| 1:32 | Create | Villager (Male) |
| 1:48 | Create | Villager (Male) |
| 1:48 | Create | Villager (Male) |
| 1:52 | Build | Lumber Camp |
| 1:56 | Build | Lumber Camp |
| 2:23 | Create | Villager (Male) |
| 2:24 | Create | Villager (Male) |
| 2:48 | Create | Villager (Male) |
| 2:48 | Create | Villager (Male) |
| 3:00 | Create | Villager (Male) |
| 3:00 | Create | Villager (Male) |
| 3:43 | Create | Villager (Male) |
| 3:43 | Create | Villager (Male) |
| 3:49 | Build | House |
| 3:50 | Build | House |
| 4:00 | Create | Villager (Male) |
| 4:00 | Create | Villager (Male) |
| 4:25 | Create | Villager (Male) |
| 4:25 | Create | Villager (Male) |
| 4:26 | Create | Villager (Male) |
| 4:26 | Create | Villager (Male) |
| 4:50 | Build | Mill |
| 4:54 | Create | Villager (Male) |
| 4:55 | Create | Villager (Male) |
| 5:28 | Create | Villager (Male) |
| 5:28 | Create | Villager (Male) |
| 5:28 | Create | Villager (Male) |
| 5:28 | Create | Villager (Male) |
| 5:58 | Create | Villager (Male) |
| 5:58 | Create | Villager (Male) |
| 5:58 | Create | Villager (Male) |
| 5:58 | Create | Villager (Male) |
| 6:29 | Build | House |
| 7:32 | Build | Palisade Wall |
| 7:34 | Create | Villager (Male) |
| 7:35 | Build | Farm |
| 7:51 | Research | Feudal Age |
| 7:51 | Research | Feudal Age |
| 8:19 | Create | Villager (Male) |
| 8:19 | Create | Villager (Male) |
| 10:05 | Age | Feudal Age |
| 10:06 | Build | Market |
| 10:08 | Build | Blacksmith |
| 10:15 | Research | Double-Bit Axe |
| 10:54 | Research | Castle Age |
| 10:54 | Research | Castle Age |
| 10:54 | Research | Castle Age |
| 12:06 | Build | House |
| 12:06 | Build | House |
| 12:07 | Create | Villager (Male) |
| 12:51 | Build | House |
| 12:58 | Research | Horse Collar |
| 12:59 | Research | Horse Collar |
| 12:59 | Research | Horse Collar |
| 13:02 | Build | Farm |
| 13:02 | Build | Farm |
| 13:35 | Age | Castle Age |
| 13:37 | Build | Town Center |
| 13:39 | Build | Town Center |
| 13:42 | Build | House |
| 13:43 | Create | Villager (Male) |
| 13:47 | Research | Bow Saw |
| 13:55 | Build | House |
| 14:12 | Build | Farm |
| 14:15 | Create | Villager (Male) |
| 14:19 | Build | Farm |
| 14:41 | Build | House |
| 14:41 | Create | Villager (Male) |
| 14:49 | Create | Villager (Male) |
| 14:54 | Build | Farm |
| 15:01 | Create | Villager (Male) |
| 15:02 | Create | Villager (Male) |
| 15:02 | Create | Villager (Male) |
| 15:07 | Create | Villager (Male) |
| 15:08 | Build | House |
| 15:17 | Build | Farm |
| 15:20 | Create | Villager (Male) |
| 15:20 | Create | Villager (Male) |
| 15:27 | Build | House |
| 15:34 | Create | Villager (Male) |
| 15:34 | Create | Villager (Male) |
| 15:40 | Create | Villager (Male) |
| 15:40 | Create | Villager (Male) |
| 15:47 | Build | Farm |
| 15:47 | Create | Villager (Male) |
| 15:51 | Build | House |
| 15:51 | Build | House |
| 15:55 | Create | Villager (Male) |
| 15:55 | Create | Villager (Male) |
| 16:04 | Create | Villager (Male) |
| 16:04 | Create | Villager (Male) |
| 16:04 | Create | Villager (Male) |
| 16:14 | Create | Villager (Male) |
| 16:14 | Create | Villager (Male) |
| 16:14 | Create | Villager (Male) |
| 16:16 | Build | Farm |
| 16:16 | Create | Villager (Male) |
| 16:17 | Create | Villager (Male) |
| 16:30 | Create | Villager (Male) |
| 16:30 | Create | Villager (Male) |
| 16:40 | Create | Villager (Male) |
| 16:41 | Build | Farm |
| 16:43 | Build | Farm |
| 16:43 | Create | Villager (Male) |
| 16:50 | Create | Villager (Male) |
| 16:50 | Create | Villager (Male) |
| 16:56 | Create | Villager (Male) |
| 17:05 | Build | House |
| 17:07 | Build | Farm |
| 17:11 | Create | Villager (Male) |
| 17:11 | Create | Villager (Male) |
| 17:19 | Create | Villager (Male) |
| 17:19 | Create | Villager (Male) |
| 17:20 | Create | Villager (Male) |
| 17:29 | Create | Villager (Male) |
| 17:29 | Create | Villager (Male) |
| 17:29 | Create | Villager (Male) |
| 17:32 | Build | Farm |
| 17:37 | Build | House |
| 17:40 | Create | Villager (Male) |
| 17:41 | Create | Villager (Male) |
| 17:44 | Create | Villager (Male) |
| 17:45 | Create | Villager (Male) |
| 17:49 | Build | Farm |
| 17:49 | Build | Farm |
| 17:49 | Build | Farm |
| 17:50 | Build | Farm |
| 17:53 | Create | Villager (Male) |
| 17:57 | Build | Farm |
| 17:58 | Create | Villager (Male) |
| 18:04 | Create | Villager (Male) |
| 18:09 | Build | Farm |
| 18:17 | Create | Villager (Male) |
| 18:25 | Build | Farm |
| 18:26 | Create | Villager (Male) |
| 18:32 | Create | Villager (Male) |
| 18:51 | Build | Farm |
| 18:51 | Create | Villager (Male) |
| 18:58 | Create | Villager (Male) |
| 19:02 | Build | Town Center |
| 19:06 | Create | Villager (Male) |
Build order — Vladimir "Vlad" Lem
First 150 of 724 actions detected
| 0:03 | Create | Villager (Male) |
| 0:03 | Create | Villager (Male) |
| 0:05 | Build | House |
| 0:05 | Create | Villager (Male) |
| 0:09 | Build | House |
| 0:13 | Create | Villager (Male) |
| 1:27 | Create | Villager (Male) |
| 1:59 | Create | Villager (Male) |
| 1:59 | Create | Villager (Male) |
| 2:05 | Build | Lumber Camp |
| 2:08 | Create | Villager (Male) |
| 2:09 | Create | Villager (Male) |
| 2:25 | Create | Villager (Male) |
| 3:22 | Create | Villager (Male) |
| 3:22 | Create | Villager (Male) |
| 3:37 | Create | Villager (Male) |
| 4:10 | Create | Villager (Male) |
| 4:28 | Build | House |
| 4:31 | Research | Loom |
| 4:51 | Build | House |
| 4:54 | Create | Villager (Male) |
| 4:57 | Build | House |
| 5:13 | Create | Villager (Male) |
| 5:13 | Create | Villager (Male) |
| 5:17 | Create | Villager (Male) |
| 5:17 | Create | Villager (Male) |
| 5:23 | Create | Villager (Male) |
| 5:36 | Create | Villager (Male) |
| 5:37 | Create | Villager (Male) |
| 7:03 | Build | Mill |
| 7:17 | Create | Villager (Male) |
| 7:25 | Create | Villager (Male) |
| 7:28 | Create | Villager (Male) |
| 7:36 | Create | Villager (Male) |
| 7:42 | Create | Villager (Male) |
| 7:54 | Create | Villager (Male) |
| 8:03 | Create | Villager (Male) |
| 8:32 | Create | Villager (Male) |
| 8:32 | Research | Feudal Age |
| 9:17 | Build | Mining Camp |
| 9:41 | Build | Farm |
| 9:43 | Build | Farm |
| 9:45 | Build | Farm |
| 9:49 | Build | Farm |
| 9:51 | Build | Farm |
| 10:45 | Create | Villager (Male) |
| 10:45 | Create | Villager (Male) |
| 11:14 | Age | Feudal Age |
| 11:22 | Build | Market |
| 11:24 | Build | Blacksmith |
| 12:03 | Research | Loom |
| 12:09 | Build | Barracks |
| 12:24 | Build | House |
| 12:42 | Research | Castle Age |
| 12:42 | Research | Castle Age |
| 13:15 | Create | Eagle Scout |
| 13:27 | Research | Scale Mail Armor |
| 13:27 | Research | Scale Mail Armor |
| 13:33 | Build | Barracks |
| 13:49 | Create | Eagle Scout |
| 14:00 | Build | House |
| 14:06 | Create | Eagle Scout |
| 14:17 | Research | Double-Bit Axe |
| 14:17 | Research | Double-Bit Axe |
| 14:28 | Create | Eagle Scout |
| 14:45 | Create | Villager (Male) |
| 14:53 | Research | Horse Collar |
| 15:09 | Create | Villager (Male) |
| 15:11 | Create | Villager (Male) |
| 15:18 | Create | Eagle Scout |
| 15:20 | Create | Eagle Scout |
| 15:22 | Age | Castle Age |
| 15:27 | Build | Monastery |
| 15:35 | Build | Monastery |
| 15:40 | Create | Villager (Male) |
| 15:55 | Create | Eagle Scout |
| 15:59 | Create | Villager (Male) |
| 16:14 | Create | Eagle Scout |
| 16:34 | Build | House |
| 16:35 | Create | Villager (Male) |
| 16:39 | Create | Monk |
| 16:51 | Create | Villager (Male) |
| 17:00 | Create | Monk |
| 17:05 | Build | House |
| 17:06 | Build | House |
| 17:14 | Research | Bow Saw |
| 17:25 | Create | Villager (Male) |
| 17:43 | Create | Villager (Male) |
| 17:51 | Research | Fervor |
| 17:58 | Build | Farm |
| 17:58 | Build | Farm |
| 17:58 | Build | Farm |
| 17:58 | Build | Farm |
| 18:06 | Create | Villager (Male) |
| 18:11 | Build | House |
| 18:13 | Research | Sanctity |
| 18:28 | Build | Farm |
| 18:43 | Build | House |
| 18:45 | Create | Monk |
| 18:47 | Create | Villager (Male) |
| 19:03 | Research | Squires |
| 19:15 | Build | House |
| 19:17 | Build | Farm |
| 19:19 | Create | Villager (Male) |
| 19:38 | Build | House |
| 19:41 | Create | Villager (Male) |
| 19:44 | Create | Monk |
| 20:07 | Create | Villager (Male) |
| 20:11 | Research | Redemption |
| 20:11 | Research | Redemption |
| 20:15 | Build | House |
| 20:39 | Create | Villager (Male) |
| 20:42 | Build | Siege Workshop |
| 20:52 | Build | House |
| 21:02 | Create | Villager (Male) |
| 21:08 | Research | Forging |
| 21:19 | Create | Villager (Male) |
| 21:22 | Build | House |
| 21:32 | Build | House |
| 21:33 | Create | Battering Ram |
| 21:41 | Create | Villager (Male) |
| 21:48 | Research | Heavy Plow |
| 21:52 | Build | House |
| 22:02 | Create | Villager (Male) |
| 22:23 | Build | House |
| 22:24 | Create | Villager (Male) |
| 22:27 | Create | Battering Ram |
| 22:31 | Build | House |
| 22:48 | Build | Town Center |
| 22:56 | Build | House |
| 22:57 | Build | House |
| 23:00 | Build | House |
| 23:06 | Create | Villager (Male) ×3 |
| 23:07 | Create | Scorpion |
| 23:27 | Create | Monk |
| 23:47 | Create | Villager (Male) |
| 23:49 | Create | Scorpion |
| 24:08 | Build | House |
| 24:16 | Build | Town Center |
| 24:39 | Create | Villager (Male) ×5 |
| 24:45 | Research | Wheelbarrow |
| 24:50 | Build | House |
| 24:52 | Build | House |
| 24:57 | Build | Farm |
| 24:57 | Build | Farm |
| 24:57 | Build | Farm |
| 24:58 | Build | Farm |
| 24:58 | Build | Farm |
| 25:24 | Create | Villager (Male) ×3 |
| 26:13 | Create | Villager (Male) ×5 |
Build order — aWin
First 150 of 619 actions detected
| 0:06 | Create | Villager (Male) |
| 0:06 | Create | Villager (Male) |
| 0:07 | Create | Villager (Male) |
| 0:07 | Create | Villager (Male) |
| 0:07 | Create | Villager (Male) |
| 0:12 | Build | House |
| 0:13 | Build | House |
| 0:54 | Build | Lumber Camp |
| 1:46 | Create | Villager (Male) |
| 1:46 | Create | Villager (Male) |
| 2:20 | Create | Villager (Male) |
| 2:21 | Create | Villager (Male) |
| 2:55 | Create | Villager (Male) |
| 2:56 | Create | Villager (Male) |
| 2:56 | Create | Villager (Male) |
| 2:57 | Create | Villager (Male) |
| 3:47 | Create | Villager (Male) |
| 3:48 | Create | Villager (Male) |
| 3:50 | Build | House |
| 4:18 | Create | Villager (Male) |
| 4:18 | Create | Villager (Male) |
| 5:00 | Create | Villager (Male) |
| 5:01 | Create | Villager (Male) |
| 5:28 | Build | Mill |
| 6:08 | Create | Villager (Male) |
| 6:08 | Create | Villager (Male) |
| 6:08 | Create | Villager (Male) |
| 6:08 | Create | Villager (Male) |
| 6:43 | Create | Villager (Male) |
| 6:49 | Build | House |
| 6:51 | Build | House |
| 7:53 | Build | Mining Camp |
| 8:11 | Research | Feudal Age |
| 10:17 | Build | Mining Camp |
| 10:25 | Age | Feudal Age |
| 10:33 | Build | Market |
| 10:39 | Build | Blacksmith |
| 10:43 | Build | Market |
| 12:12 | Research | Castle Age |
| 12:12 | Research | Castle Age |
| 12:12 | Research | Castle Age |
| 13:27 | Research | Double-Bit Axe |
| 13:28 | Research | Double-Bit Axe |
| 13:36 | Research | Loom |
| 13:36 | Research | Loom |
| 13:37 | Create | Villager (Male) |
| 13:37 | Create | Villager (Male) |
| 14:52 | Age | Castle Age |
| 14:58 | Build | Town Center |
| 15:03 | Build | Farm |
| 15:04 | Build | Farm |
| 15:05 | Build | Farm |
| 15:23 | Build | Castle |
| 15:38 | Build | Castle |
| 16:07 | Create | Villager (Male) |
| 16:08 | Create | Villager (Male) |
| 16:11 | Build | Farm |
| 16:12 | Build | Farm |
| 16:13 | Build | Farm |
| 16:15 | Build | Farm |
| 16:18 | Create | Villager (Male) |
| 16:30 | Build | Siege Workshop |
| 16:47 | Build | Gate |
| 16:50 | Build | Stone Wall |
| 16:53 | Build | Stone Wall |
| 17:20 | Build | Siege Workshop |
| 17:34 | Build | Gate |
| 18:21 | Create | Rattan Archer |
| 18:22 | Create | Rattan Archer |
| 18:37 | Create | Rattan Archer |
| 18:37 | Create | Rattan Archer |
| 19:21 | Build | Gate |
| 20:57 | Create | Villager (Male) |
| 20:57 | Create | Villager (Male) |
| 20:57 | Create | Villager (Male) |
| 21:30 | Build | Farm |
| 21:31 | Build | Farm |
| 21:47 | Build | Lumber Camp |
| 21:50 | Create | Villager (Male) |
| 21:50 | Create | Villager (Male) |
| 22:05 | Build | House |
| 22:07 | Build | House |
| 22:41 | Build | Stone Wall |
| 24:30 | Create | Villager (Male) |
| 24:30 | Create | Villager (Male) |
| 24:30 | Create | Villager (Male) |
| 24:31 | Create | Villager (Male) |
| 25:28 | Build | House |
| 25:30 | Build | House |
| 25:32 | Build | House |
| 26:27 | Build | House |
| 26:45 | Create | Villager (Male) |
| 26:45 | Create | Villager (Male) |
| 27:14 | Build | Farm |
| 27:15 | Build | Farm |
| 27:16 | Build | Farm |
| 31:16 | Create | Villager (Male) |
| 31:16 | Create | Villager (Male) |
| 31:17 | Create | Villager (Male) |
| 31:17 | Create | Villager (Male) |
| 31:20 | Create | Villager (Male) |
| 31:25 | Build | Town Center |
| 33:05 | Build | Farm |
| 33:17 | Create | Villager (Male) |
| 33:56 | Create | Villager (Male) |
| 34:09 | Create | Villager (Male) |
| 34:09 | Create | Villager (Male) |
| 34:13 | Build | Farm |
| 34:28 | Build | Farm |
| 34:37 | Build | Farm |
| 34:46 | Create | Villager (Male) |
| 34:46 | Create | Villager (Male) |
| 35:21 | Create | Villager (Male) |
| 35:21 | Create | Villager (Male) |
| 35:22 | Create | Villager (Male) |
| 35:22 | Create | Villager (Male) |
| 35:22 | Create | Villager (Male) |
| 35:22 | Create | Villager (Male) |
| 35:23 | Create | Villager (Male) |
| 35:24 | Create | Villager (Male) |
| 35:24 | Create | Villager (Male) |
| 35:24 | Create | Villager (Male) |
| 35:27 | Create | Villager (Male) |
| 35:28 | Create | Villager (Male) |
| 36:00 | Create | Villager (Male) |
| 36:00 | Create | Villager (Male) |
| 36:01 | Create | Villager (Male) |
| 36:01 | Create | Villager (Male) |
| 36:12 | Build | Town Center |
| 36:15 | Create | Villager (Male) |
| 36:16 | Create | Villager (Male) |
| 36:40 | Build | Stone Wall |
| 36:41 | Build | Stone Wall |
| 36:42 | Build | Stone Wall |
| 36:45 | Create | Villager (Male) |
| 36:49 | Create | Villager (Male) |
| 37:12 | Build | Farm |
| 37:13 | Build | Farm |
| 37:14 | Build | Farm |
| 37:28 | Create | Villager (Male) |
| 37:28 | Create | Villager (Male) |
| 37:28 | Create | Villager (Male) |
| 37:28 | Create | Villager (Male) |
| 37:29 | Create | Villager (Male) |
| 37:45 | Build | Farm |
| 38:09 | Build | Farm |
| 38:11 | Build | Farm |
| 38:12 | Build | Farm |
| 38:18 | Build | Farm |
| 38:20 | Build | Farm |
Build order — Zeroo
First 150 of 646 actions detected
| 0:03 | Create | Villager (Male) |
| 0:03 | Create | Villager (Male) |
| 0:04 | Build | House |
| 0:06 | Build | House |
| 0:08 | Build | House |
| 0:10 | Create | Villager (Male) |
| 0:16 | Create | Villager (Male) |
| 1:17 | Create | Villager (Male) |
| 1:17 | Create | Villager (Male) |
| 1:46 | Create | Villager (Male) |
| 2:10 | Create | Villager (Male) |
| 2:10 | Create | Villager (Male) |
| 2:12 | Build | Lumber Camp |
| 2:16 | Build | Lumber Camp |
| 2:44 | Create | Villager (Male) |
| 2:44 | Create | Villager (Male) |
| 3:05 | Create | Villager (Male) |
| 3:06 | Create | Villager (Male) |
| 3:23 | Build | House |
| 3:26 | Build | House |
| 3:27 | Build | House |
| 3:45 | Create | Villager (Male) |
| 3:45 | Create | Villager (Male) |
| 3:46 | Create | Villager (Male) |
| 3:48 | Create | Villager (Male) |
| 3:48 | Create | Villager (Male) |
| 4:02 | Build | House |
| 4:14 | Create | Villager (Male) |
| 4:14 | Create | Villager (Male) |
| 4:37 | Create | Villager (Male) |
| 4:43 | Create | Villager (Male) |
| 4:44 | Create | Villager (Male) |
| 5:13 | Create | Villager (Male) |
| 5:13 | Create | Villager (Male) |
| 5:23 | Create | Villager (Male) |
| 5:23 | Create | Villager (Male) |
| 5:24 | Create | Villager (Male) |
| 5:24 | Create | Villager (Male) |
| 6:26 | Build | Mill |
| 7:47 | Create | Villager (Male) |
| 7:47 | Create | Villager (Male) |
| 8:01 | Build | Mining Camp |
| 8:08 | Build | Mining Camp |
| 8:17 | Research | Feudal Age |
| 8:17 | Research | Feudal Age |
| 8:49 | Build | Farm |
| 8:49 | Build | Farm |
| 8:50 | Build | Farm |
| 8:53 | Build | Farm |
| 8:53 | Build | Farm |
| 8:53 | Build | Farm |
| 8:54 | Create | Villager (Male) |
| 9:16 | Build | Farm |
| 9:21 | Build | Farm |
| 9:22 | Create | Villager (Male) |
| 9:33 | Build | Farm |
| 9:37 | Build | Farm |
| 10:33 | Age | Feudal Age |
| 10:44 | Build | Market |
| 11:19 | Create | Villager (Male) |
| 11:36 | Build | Blacksmith |
| 11:46 | Research | Loom |
| 12:20 | Research | Castle Age |
| 12:21 | Research | Castle Age |
| 12:44 | Research | Double-Bit Axe |
| 12:44 | Research | Double-Bit Axe |
| 12:44 | Research | Double-Bit Axe |
| 12:44 | Research | Double-Bit Axe |
| 12:51 | Build | Farm |
| 13:00 | Build | Mining Camp |
| 13:09 | Research | Horse Collar |
| 13:09 | Research | Horse Collar |
| 13:09 | Research | Horse Collar |
| 13:10 | Research | Horse Collar |
| 13:53 | Build | House |
| 13:53 | Build | House |
| 13:59 | Create | Villager (Male) |
| 14:41 | Build | House |
| 14:54 | Build | Mill |
| 15:00 | Age | Castle Age |
| 15:04 | Build | Town Center |
| 15:10 | Create | Villager (Male) |
| 15:12 | Research | Heavy Plow |
| 15:12 | Research | Bow Saw |
| 15:33 | Build | House |
| 15:54 | Create | Villager (Male) |
| 15:56 | Create | Villager (Male) |
| 15:57 | Create | Villager (Male) |
| 15:57 | Create | Villager (Male) |
| 15:57 | Create | Villager (Male) |
| 16:05 | Build | House |
| 16:40 | Build | Town Center |
| 16:45 | Create | Villager (Male) |
| 16:49 | Build | House |
| 17:02 | Create | Villager (Male) |
| 17:03 | Create | Villager (Male) |
| 17:17 | Create | Villager (Male) |
| 17:17 | Create | Villager (Male) |
| 17:20 | Build | House |
| 17:37 | Build | House |
| 17:38 | Create | Villager (Male) |
| 17:49 | Create | Villager (Male) |
| 17:59 | Create | Villager (Male) |
| 17:59 | Create | Villager (Male) |
| 18:06 | Build | Town Center |
| 18:13 | Build | Town Center |
| 18:16 | Create | Villager (Male) |
| 18:19 | Build | Farm |
| 18:24 | Build | House |
| 18:26 | Build | House |
| 18:26 | Build | House |
| 18:27 | Create | Villager (Male) |
| 18:32 | Build | Farm |
| 18:34 | Create | Villager (Male) |
| 18:34 | Create | Villager (Male) |
| 18:47 | Create | Villager (Male) |
| 18:59 | Build | Farm |
| 19:03 | Create | Villager (Male) |
| 19:03 | Create | Villager (Male) |
| 19:11 | Create | Villager (Male) |
| 19:11 | Create | Villager (Male) |
| 19:16 | Build | Farm |
| 19:21 | Build | Farm |
| 19:25 | Build | Farm |
| 19:29 | Create | Villager (Male) |
| 19:29 | Create | Villager (Male) |
| 19:38 | Build | Farm |
| 19:38 | Build | Farm |
| 19:39 | Build | Farm |
| 19:40 | Create | Villager (Male) |
| 19:40 | Create | Villager (Male) |
| 19:44 | Create | Villager (Male) |
| 19:44 | Create | Villager (Male) |
| 19:46 | Build | House |
| 19:47 | Build | House |
| 19:57 | Build | Farm |
| 19:57 | Build | Farm |
| 20:00 | Create | Villager (Male) |
| 20:00 | Create | Villager (Male) |
| 20:12 | Build | Farm |
| 20:12 | Build | Farm |
| 20:13 | Create | Villager (Male) |
| 20:13 | Create | Villager (Male) |
| 20:23 | Create | Villager (Male) |
| 20:23 | Create | Villager (Male) |
| 20:37 | Build | Town Center |
| 20:40 | Create | Villager (Male) |
| 20:43 | Create | Villager (Male) |
| 20:44 | Create | Villager (Male) |
| 20:45 | Create | Villager (Male) |
Build order — 马大帅
First 150 of 495 actions detected
| 0:02 | Create | Villager (Male) |
| 0:02 | Create | Villager (Male) |
| 0:02 | Create | Villager (Male) |
| 0:02 | Create | Villager (Male) |
| 0:03 | Create | Villager (Male) |
| 0:04 | Build | House |
| 0:05 | Build | House |
| 1:31 | Create | Villager (Male) |
| 1:47 | Build | Lumber Camp |
| 1:50 | Build | House |
| 1:51 | Build | House |
| 2:02 | Create | Villager (Male) |
| 2:29 | Create | Villager (Male) |
| 2:54 | Create | Villager (Male) |
| 2:55 | Create | Villager (Male) |
| 3:24 | Create | Villager (Male) |
| 3:24 | Create | Villager (Male) |
| 3:45 | Create | Villager (Male) |
| 3:45 | Create | Villager (Male) |
| 4:09 | Create | Villager (Male) |
| 4:09 | Create | Villager (Male) |
| 4:30 | Build | Mill |
| 4:33 | Create | Villager (Male) |
| 4:55 | Create | Villager (Male) |
| 4:55 | Create | Villager (Male) |
| 5:30 | Create | Villager (Male) |
| 5:51 | Create | Villager (Male) |
| 5:52 | Create | Villager (Male) |
| 5:57 | Build | Farm |
| 6:23 | Build | Farm |
| 6:23 | Create | Villager (Male) |
| 6:24 | Create | Villager (Male) |
| 6:42 | Create | Villager (Male) |
| 6:42 | Create | Villager (Male) |
| 6:51 | Build | Farm |
| 6:55 | Create | Villager (Male) |
| 7:27 | Create | Villager (Male) |
| 7:37 | Build | Mining Camp |
| 8:10 | Research | Feudal Age |
| 8:15 | Build | House |
| 10:18 | Create | Villager (Male) |
| 10:19 | Create | Villager (Male) |
| 10:20 | Age | Feudal Age |
| 10:23 | Build | Market |
| 10:26 | Build | Blacksmith |
| 10:50 | Create | Villager (Male) |
| 11:22 | Research | Castle Age |
| 11:40 | Research | Double-Bit Axe |
| 11:55 | Research | Horse Collar |
| 12:56 | Create | Villager (Male) |
| 12:56 | Create | Villager (Male) |
| 13:11 | Build | House |
| 13:12 | Build | House |
| 13:44 | Build | Farm |
| 13:47 | Build | Farm |
| 14:15 | Age | Castle Age |
| 14:18 | Build | Town Center |
| 14:24 | Build | Town Center |
| 14:40 | Create | Villager (Male) |
| 14:44 | Build | House |
| 14:45 | Build | House |
| 14:49 | Build | Farm |
| 15:06 | Create | Villager (Male) |
| 15:08 | Build | Farm |
| 15:14 | Build | House |
| 15:34 | Create | Villager (Male) |
| 15:36 | Build | Farm |
| 15:41 | Build | Lumber Camp |
| 15:48 | Create | Villager (Male) |
| 15:48 | Create | Villager (Male) |
| 15:53 | Build | Farm |
| 15:54 | Create | Villager (Male) |
| 15:54 | Create | Villager (Male) |
| 15:55 | Create | Villager (Male) |
| 15:57 | Create | Villager (Male) |
| 16:01 | Build | House |
| 16:17 | Build | Farm |
| 16:18 | Create | Villager (Male) |
| 16:19 | Create | Villager (Male) |
| 16:30 | Build | Farm |
| 16:32 | Create | Villager (Male) |
| 16:41 | Build | House |
| 16:44 | Build | Farm |
| 16:47 | Create | Villager (Male) |
| 17:25 | Create | Villager (Male) |
| 17:25 | Create | Villager (Male) |
| 17:37 | Create | Villager (Male) |
| 17:41 | Build | Farm |
| 17:42 | Build | Farm |
| 17:45 | Build | Farm |
| 17:50 | Build | Farm |
| 17:53 | Build | Farm |
| 17:54 | Create | Villager (Male) |
| 17:54 | Create | Villager (Male) |
| 17:57 | Create | Villager (Male) |
| 17:58 | Create | Villager (Male) |
| 17:58 | Create | Villager (Male) |
| 17:59 | Build | House |
| 18:00 | Build | House |
| 18:08 | Build | Farm |
| 18:13 | Build | Farm |
| 18:15 | Create | Villager (Male) |
| 18:15 | Create | Villager (Male) |
| 18:21 | Create | Villager (Male) |
| 18:25 | Build | Farm |
| 18:35 | Build | Town Center |
| 18:37 | Create | Villager (Male) |
| 18:38 | Create | Villager (Male) |
| 18:46 | Build | Farm |
| 18:49 | Build | Farm |
| 18:50 | Create | Villager (Male) |
| 18:51 | Create | Villager (Male) |
| 19:03 | Create | Villager (Male) |
| 19:06 | Build | Farm |
| 19:11 | Build | Farm |
| 19:18 | Build | Farm |
| 19:19 | Create | Villager (Male) |
| 19:19 | Create | Villager (Male) |
| 19:27 | Build | Farm |
| 19:30 | Build | Farm |
| 19:36 | Build | Farm |
| 19:37 | Create | Villager (Male) |
| 19:37 | Create | Villager (Male) |
| 19:40 | Create | Villager (Male) |
| 19:49 | Create | Villager (Male) |
| 19:49 | Create | Villager (Male) |
| 19:49 | Create | Villager (Male) |
| 19:52 | Build | Farm |
| 19:54 | Build | Farm |
| 20:24 | Create | Villager (Male) |
| 20:24 | Create | Villager (Male) |
| 20:24 | Create | Villager (Male) |
| 20:24 | Create | Villager (Male) |
| 20:33 | Build | Farm |
| 20:34 | Build | Farm |
| 20:34 | Build | Farm |
| 20:34 | Build | Farm |
| 20:39 | Build | Lumber Camp |
| 20:41 | Create | Villager (Male) |
| 20:41 | Create | Villager (Male) |
| 20:44 | Create | Villager (Male) |
| 20:53 | Build | Farm |
| 20:55 | Create | Villager (Male) |
| 20:56 | Create | Villager (Male) |
| 21:14 | Research | Wheelbarrow |
| 21:16 | Research | Loom |
| 21:20 | Build | House |
| 21:21 | Build | House |
| 21:22 | Build | House |
| 21:23 | Build | House |
Match timeline
| 7:32 | 折鸿梦影 · wall_segment Palisade Wall x1 |
| 10:05 | 折鸿梦影 · age_up feudal |
| 10:20 | 马大帅 · age_up feudal |
| 10:25 | aWin · age_up feudal |
| 10:33 | Zeroo · age_up feudal |
| 10:39 | Dranam · age_up feudal |
| 10:52 | 折鸿梦影 · first_market_sell 100 wood |
| 11:14 | Vladimir "Vlad" Lem · age_up feudal |
| 11:43 | Dranam · first_market_sell 100 stone |
| 12:08 | aWin · first_market_sell 100 wood |
| 12:09 | Vladimir "Vlad" Lem · first_building Barracks |
| 13:35 | 折鸿梦影 · age_up castle |
| 14:15 | 马大帅 · age_up castle |
| 14:26 | Dranam · age_up castle |
| 14:42 | Dranam · first_building Castle |
| 14:52 | aWin · age_up castle |
| 15:00 | Zeroo · age_up castle |
| 15:22 | Vladimir "Vlad" Lem · age_up castle |
| 15:23 | aWin · first_building Castle |
| 15:27 | Vladimir "Vlad" Lem · first_building Monastery |
| 16:24 | Zeroo · first_market_buy 100 wood |
| 16:30 | aWin · first_building Siege Workshop |
| 16:50 | aWin · wall_segment Stone Wall x1 |
| 16:53 | aWin · wall_segment Stone Wall x1 |
| 17:57 | 马大帅 · first_market_buy 100 food |
| 20:42 | Vladimir "Vlad" Lem · first_building Siege Workshop |
| 22:41 | aWin · wall_segment Stone Wall x1 |
| 23:24 | Dranam · first_building Siege Workshop |
| 23:58 | 马大帅 · wall_segment Stone Wall x8 |
| 24:09 | Zeroo · first_building Siege Workshop |
| 24:12 | 折鸿梦影 · first_building Monastery |
| 24:19 | 马大帅 · first_building Siege Workshop |
| 24:46 | 折鸿梦影 · first_building Barracks |
| 24:56 | 马大帅 · wall_segment Stone Wall x13 |
| 25:01 | 马大帅 · wall_segment Stone Wall x9 |
| 25:49 | 折鸿梦影 · first_building Stable |
| 26:32 | Zeroo · first_building Barracks |
| 26:51 | Vladimir "Vlad" Lem · first_market_buy 500 food |
| 27:01 | Vladimir "Vlad" Lem · first_market_sell 500 wood |
| 27:02 | 折鸿梦影 · first_building Archery Range |
| 27:20 | Zeroo · first_building Stable |
| 27:46 | 折鸿梦影 · first_market_buy 100 wood |
| 28:35 | 折鸿梦影 · age_up imperial |
| 29:21 | Zeroo · first_building Castle |
| 29:30 | 折鸿梦影 · first_building Siege Workshop |
| 29:56 | 折鸿梦影 · first_building Castle |
| 30:09 | 马大帅 · first_building Barracks |
| 31:03 | Zeroo · age_up imperial |
| 31:28 | Dranam · first_building Barracks |
| 31:35 | Vladimir "Vlad" Lem · age_up imperial |
| 31:51 | 马大帅 · first_building Castle |
| 31:53 | 马大帅 · age_up imperial |
| 32:04 | 马大帅 · first_building Stable |
| 32:52 | Dranam · first_building Archery Range |
| 33:11 | Vladimir "Vlad" Lem · first_building Archery Range |
| 33:36 | Dranam · first_market_buy 100 food |
| 33:46 | Dranam · age_up imperial |
| 34:43 | Vladimir "Vlad" Lem · first_building Castle |
| 35:15 | 折鸿梦影 · tribute_sent a jugador 1 |
| 35:15 | 折鸿梦影 · tribute_sent a jugador 3 |
| 35:15 | 折鸿梦影 · tribute_sent a jugador 4 |
| 35:15 | 折鸿梦影 · tribute_sent a jugador 5 |
| 35:15 | 折鸿梦影 · tribute_sent a jugador 6 |
| 36:40 | aWin · wall_segment Stone Wall x9 |
| 36:41 | aWin · wall_segment Stone Wall x1 |
| 36:42 | aWin · wall_segment Stone Wall x1 |
| 37:33 | 马大帅 · first_building Archery Range |
| 40:10 | 折鸿梦影 · tribute_sent a jugador 1 |
| 40:10 | 折鸿梦影 · tribute_sent a jugador 3 |
| 40:10 | 折鸿梦影 · tribute_sent a jugador 4 |
| 40:10 | 折鸿梦影 · tribute_sent a jugador 5 |
| 40:10 | 折鸿梦影 · tribute_sent a jugador 6 |
| 40:45 | 折鸿梦影 · tribute_sent a jugador 1 |
| 40:45 | 折鸿梦影 · tribute_sent a jugador 3 |
| 40:45 | 折鸿梦影 · tribute_sent a jugador 4 |
| 40:45 | 折鸿梦影 · tribute_sent a jugador 5 |
| 40:45 | 折鸿梦影 · tribute_sent a jugador 6 |
| 42:03 | 马大帅 · tribute_sent a jugador 1 |
| 42:03 | 马大帅 · tribute_sent a jugador 2 |
| 42:03 | 马大帅 · tribute_sent a jugador 3 |
| 42:03 | 马大帅 · tribute_sent a jugador 4 |
| 42:03 | 马大帅 · tribute_sent a jugador 5 |
| 42:07 | Zeroo · first_market_sell 500 food |
| 42:12 | Vladimir "Vlad" Lem · tribute_sent a jugador 1 |
| 42:12 | Vladimir "Vlad" Lem · tribute_sent a jugador 2 |
| 42:12 | Vladimir "Vlad" Lem · tribute_sent a jugador 4 |
| 42:12 | Vladimir "Vlad" Lem · tribute_sent a jugador 5 |
| 42:13 | Vladimir "Vlad" Lem · tribute_sent a jugador 6 |
| 42:38 | Dranam · first_building Stable |
| 45:19 | aWin · first_building Monastery |
| 46:11 | aWin · first_building Barracks |
| 47:00 | aWin · first_building Archery Range |
| 50:34 | aWin · wall_segment Stone Wall x2 |
| 52:33 | aWin · tribute_sent a jugador 1 |
| 52:33 | aWin · tribute_sent a jugador 2 |
| 52:33 | aWin · tribute_sent a jugador 3 |
| 52:33 | aWin · tribute_sent a jugador 5 |
| 52:33 | aWin · tribute_sent a jugador 6 |
| 52:48 | aWin · age_up imperial |
| 54:19 | aWin · first_building Stable |
| 54:35 | aWin · tribute_sent a jugador 1 |
| 54:35 | aWin · tribute_sent a jugador 2 |
| 54:35 | aWin · tribute_sent a jugador 3 |
| 54:35 | aWin · tribute_sent a jugador 5 |
| 54:35 | aWin · tribute_sent a jugador 6 |
| 55:45 | 马大帅 · first_market_sell 500 wood |
| 58:31 | Dranam · wall_segment Stone Wall x12 |
| 59:47 | Zeroo · tribute_sent a jugador 1 |
| 59:47 | Zeroo · tribute_sent a jugador 2 |
| 59:47 | Zeroo · tribute_sent a jugador 3 |
| 59:47 | Zeroo · tribute_sent a jugador 4 |
| 59:47 | Zeroo · tribute_sent a jugador 6 |
| 63:11 | Vladimir "Vlad" Lem · wall_segment Stone Wall x1 |
| 64:18 | aWin · tribute_sent a jugador 1 |
| 64:18 | aWin · tribute_sent a jugador 2 |
| 64:18 | aWin · tribute_sent a jugador 3 |
| 64:18 | aWin · tribute_sent a jugador 5 |
| 64:18 | aWin · tribute_sent a jugador 6 |
| 65:10 | Vladimir "Vlad" Lem · wall_segment Stone Wall x1 |
| 66:31 | Zeroo · tribute_sent a jugador 1 |
| 66:31 | Zeroo · tribute_sent a jugador 2 |
| 66:31 | Zeroo · tribute_sent a jugador 3 |
| 66:31 | Zeroo · tribute_sent a jugador 4 |
| 66:31 | Zeroo · tribute_sent a jugador 6 |
| 68:02 | Zeroo · wall_segment Stone Wall x1 |
| 68:05 | Zeroo · wall_segment Stone Wall x1 |
| 68:55 | 折鸿梦影 · resign |
[ AI ANALYSIS · 1 CREDIT ]
What really happened in this match?
Wolo.gg analyzes every decision: build order, eco, micro, common mistakes by bracket. Personalized analysis on WhatsApp or Discord in 30 seconds.
Civ guide
Spanish
Perfil
Jugador #22539019